 Dungeon Crawl Stone Soup version 0.28.0-53-g5a82cb258f (webtiles) character file.

Game seed: 234718601724364297

132 quokkamancerX the Slasher (level 4, -1/52 HPs)
             Began as a Demonspawn Berserker on May 29, 2022.
             Was a Believer of Trog.
             Succumbed to a goblin's poison
             ... on level 3 of the Dungeon.
             The game lasted 00:06:57 (2669 turns).

quokkamancerX the Slasher (Demonspawn Berserker)    Turns: 2669, Time: 00:06:58

Health: -1/52      AC:  3    Str: 19    XL:     4   Next: 92%
Magic:  4/4        EV: 16    Int:  9    God:    Trog [**....]
Gold:   103        SH:  0    Dex: 12    Spells: 3/3 levels left

rFire   . . .      SeeInvis .   e - +0 rapier
rCold   . . .      Faith    .   (no shield)
rNeg    . . .      Spirit   .   a - +0 leather armour
rPois   .          Reflect  .   (no helmet)
rElec   .          Harm     .   (no cloak)
rCorr   .          Rampage  .   (no gloves)
Will    .....                   (no boots)
Stlth   ..........              (no amulet)
HPRegen 0.17/turn               (no ring)
MPRegen 0.18/turn               (no ring)

@: mighty, agile, berserking, lethally poisoned (-1 -> -9), very quick
A: powered by pain 2, magic regeneration
a: Renounce Religion, Berserk, Trog's Hand


You were on level 3 of the Dungeon.
You worshipped Trog.
Trog was pleased with you.
You visited 1 branch of the dungeon, and saw 3 of its levels.

You collected 103 gold pieces.

Inventory:

Hand Weapons
 e - a +0 rapier (weapon)
Missiles
 h - 2 javelins (quivered)
Armour
 a - a +0 leather armour (worn)
Scrolls
 d - 2 scrolls of teleportation
 f - a scroll of enchant weapon {unknown}
 g - a scroll of torment {unknown}
Potions
 b - 3 potions of curing
 c - a potion of magic {unknown}


   Skills:
 - Level 3.0 Fighting
 + Level 5.2 Long Blades
 - Level 1.7 Armour
 - Level 1.7 Dodging


You had 3 spell levels left.
You didn't know any spells.
Your spell library was empty.

Dungeon Overview and Level Annotations

Branches:
Dungeon (3/15)

Altars:
Okawaru


Innate Abilities, Weirdness & Mutations

You sometimes gain power by taking damage.
You regenerate magic rapidly.


Message History

You focus on the pain.
You feel agile all of a sudden.
The goblin hits you with a +2 dagger of venom.
You are poisoned.
A red film seems to cover your vision as you go berserk!
You feel yourself moving faster!
You feel mighty!
You feel sick. The hobgoblin completely misses you.
The goblin barely misses you.
You puncture Robin!
Robin is heavily wounded.
The hobgoblin closely misses you.
You barely miss Robin.
Robin is heavily wounded.
You feel sick. The goblin misses you. Robin hits you with a +0 dagger.
* * * LOW HITPOINT WARNING * * *
The hobgoblin hits you with a +0 short sword.
* * * LOW HITPOINT WARNING * * *
You puncture Robin!
You kill Robin!
Trog accepts your kill.
You feel sick.
The goblin hits you with a +2 dagger of venom.
* * * LOW HITPOINT WARNING * * *
You are lethally poisoned!
You hit the hobgoblin.
You kill the hobgoblin!
Trog accepts your kill.
* * * LOW HITPOINT WARNING * * *
You feel sick.
You puncture the goblin!
You kill the goblin!
Trog accepts your kill.
* * * LOW HITPOINT WARNING * * *
You feel sick.
You are too berserk!
* * * LOW HITPOINT WARNING * * *
You feel sick.
Things that are here:
a +2 dagger of venom; a +0 dagger; a +0 leather armour You feel a strong urge to attack something.
You die...

.......gg...# #..#.#
.........g..# #..#.#
.#......g...# #..#.#
.#..........######..#.#
#.###+####g.....#..#.#
#. ##g#######.###..#.#
#.##.......##)# #..#.#
......g....##.###..#.#
...........+.))@...#.#
......g....##.####.#.#
...............##.#.#
#.....g.##.#.##.#.#
#.......##.#.##.#.#
g#.##.......##.#.##.#.#
.......).....#.#.##.#.#
...............#.##.#.#
.............###.##.#.#


You could see a hobgoblin (wandering).

Vanquished Creatures
  2 orc priests (D:3)
  Robin (D:3)
  An adder (D:2)
  2 dart slugs (D:1)
  2 orcs (D:3)
  A bat (D:1)
  5 endoplasms
  A giant cockroach (D:1)
  11 goblins
  6 hobgoblins
  2 jackals (D:1)
  2 kobolds
  3 ball pythons (D:2)
  5 frilled lizards
  3 rats
47 creatures vanquished.

Notes
Turn   | Place    | Note
-------+----------+-------------------------------------------
     0 | D:1      | quokkamancerX the Demonspawn Berserker began the quest for
                  | the Orb.
     0 | D:1      | Reached XP level 1. HP: 18/18 MP: 1/1
    94 | D:1      | Reached skill level 3 in Long Blades
   423 | D:1      | Gained mutation: You sometimes gain a little power by
                  | taking damage. [demonic ancestry]
   423 | D:1      | Reached XP level 2. HP: 12/24 MP: 2/2
  1297 | D:2      | Gained mutation: You regenerate magic rapidly. [demonic
                  | ancestry]
  1297 | D:2      | Reached XP level 3. HP: 24/29 MP: 3/3
  1356 | D:2      | Found an iron altar of Okawaru.
  1380 | D:2      | Reached skill level 4 in Long Blades
  2174 | D:3      | Reached ** piety under Trog
  2275 | D:3      | Gained mutation: You sometimes gain power by taking damage.
                  | [demonic ancestry]
  2275 | D:3      | Reached XP level 4. HP: 16/35 MP: 4/4
  2534 | D:3      | Reached skill level 5 in Long Blades
  2652 | D:3      | Noticed Robin
  2665 | D:3      | Killed Robin
  2667 | D:3      | HP: 2/52 [poisoned by a goblin]
  2669 | D:3      | Succumbed to a goblin's poison

Illustrated notes

Levels and vault maps discovered:
D:1:      minmay_arrival_radiant_lines, layout_basic, minmay_hexomino_c4
D:2:      layout_loops_ring, basic_altar
D:3:      layout_basic, hellmonk_ecumenical_altar_inner_sanctum, uniq_robin

Skill      XL: |  1  2  3  4 |
---------------+-------------+-----
Long Blades    | 3 4 5 |  5.2
Fighting       | |  3.0
Armour         | |  1.7
Dodging        | |  1.7

Action                   |  1- 3 |  4- 6 || total
-------------------------+-------+-------++-------
Melee: Falchion          |     9 |       ||     9
       Rapier            |    98 |    40 ||   138
       Punch             |     1 |       ||     1
Invok: Berserk           |     2 |     1 ||     3
  Use: Scroll            |     1 |       ||     1
       Potion            |       |     1 ||     1
 Stab: Sleeping          |     2 |       ||     2
Armor: Animal skin       |     4 |       ||     4
       Leather armour    |    21 |    11 ||    32
Dodge: Dodged            |    60 |    12 ||    72
